cohdb
Replays
Latest Replays
All Replays
Popular Replays
Top Player Replays
Match Explorer
How It Works
Community
CoH3 Stats
Reddit
Sign in to upload your games and track your stats! →
Sign in with Steam
Match 43289444
Unlisted
Match 43289444
Overview
Messages
Build Orders
End
Selects Italian Combined Arms Battlegroup
Selects Bersaglieri Squad
Bersaglieri Squad
Kradschützen Motorcycle Team
Bersaglieri Squad
Construct Light Support Kompanie
Bersaglieri Squad
Combat Half-tracks
Fire Support Elements
Selects Bersaglieri Bolster
Assault Mechanized Group
Advanced Field Repairs
250 Light Carrier
Selects Breda Model 30 Light Machine Guns
Selects Breda Model 30 Light Machine Guns
Construct Panzerarmee Kommand
Construct Panzerarmee Kommand
Flak 36 Anti-tank Gun Team
Assault Mechanized Group
Armored Reserves
Pak 38 Anti-tank Gun Team
Construct Mechanized Kompanie
Sekrit Dokuments
High Voltage
daShark 6
MBT.Gest
STALKER4732
ezh
[TW]S.C.
Devochkin
0
0
Comments
sign in to comment!
No comments posted yet!